 Dungeon Crawl Stone Soup version 0.26.1-10-gdfb7c7de75 (webtiles) character file.

Game seed: 9573105311936654870

2386 manyhoops the Fighter (level 9, -4/86 HPs)
             Began as a Palentonga Transmuter on Apr 5, 2021.
             Was a Follower of Uskayaw.
             Slain by a gnoll
             ... wielding a +0 trident
              (10 damage)
             ... in a bailey.
             The game lasted 00:13:08 (8475 turns).

manyhoops the Fighter (Palentonga Transmuter)       Turns: 8475, Time: 00:13:08

Health: -4/86      AC: 13    Str: 23    XL:     9   Next: 22%
Magic:  14/15      EV: 10    Int: 14    God:    Uskayaw [*.....]
Gold:   1582       SH:  0    Dex: 10    Spells: 13/16 levels left

rFire    . . .     SeeInvis +     - Unarmed
rCold    . . .     Faith    .   (no shield)
rNeg     . . .     Spirit   .   f - +0 steam dragon scales
rPois    +         Reflect  .   (helmet currently unavailable)
rElec    .         Harm     .   (no cloak)
rCorr    .         Rampage  .   w - +0 pair of gloves
Will     .....                  (no barding)
Stlth    +.........             (no amulet)
HPRegen  0.24/turn              i - +6 ring of strength
MPRegen  0.14/turn              x - ring of poison resistance

@: about to teleport, appendages (expiring), wereblooded (expiring), hasted,
curled up, very quick
A: large, horns 2, talons 2, rugged brown scales 3, see invisible, deformed
body, roll 1, armoured tail, reflexive curl
a: Rolling Charge, End Transformation, Renounce Religion, Stomp


You were in a bailey.
You worshipped Uskayaw.
Uskayaw was noncommittal.
You had grown temporary horns.
You had grown temporary talons.
You visited 2 branches of the dungeon, and saw 10 of its levels.
You also visited: Bailey.

You collected 1582 gold pieces.

Inventory:

Missiles
 g - a throwing net
Armour
 f - +0 steam dragon scales (worn)
 w - a +0 pair of gloves (worn)
Jewellery
 a - an uncursed amulet of faith {unknown}
 i - a +6 ring of strength (left hand)
 r - an uncursed ring of flight
 s - an uncursed ring of positive energy
 x - a ring of poison resistance (right hand)
Wands
 v - a wand of paralysis (5)
 y - a wand of digging (2)
Scrolls
 b - 3 scrolls of amnesia
 c - a scroll of fear
 d - 3 scrolls of remove curse
 e - 2 scrolls of enchant weapon
 k - 3 scrolls of immolation
 o - 3 scrolls of teleportation
 t - a scroll of enchant armour
Potions
 h - 3 potions of brilliance
 j - a potion of cancellation
 l - 3 potions of attraction
 m - a potion of ambrosia
 p - 2 potions of haste
 q - a potion of flight
 u - 2 potions of resistance


   Skills:
 - Level 8.1 Fighting
 - Level 1.5 Dodging
 - Level 7.2 Unarmed Combat
 + Level 4.3 Spellcasting
 * Level 5.6 Transmutations


You had 13 spell levels left.
You knew the following spells:

 Your Spells              Type           Power        Failure   Level
a - Beastly Appendage     Tmut           36%          1%          1
b - Wereblood             Tmut           18%          2%          2

Your spell library contained the following spells:

 Spells                   Type           Power        Failure   Level
 Spider Form              Tmut/Pois      5%           19%         3
 Blade Hands              Tmut           9%           45%         5
 Ice Form                 Ice/Tmut       10%          52%         4


Dungeon Overview and Level Annotations

Branches:
Dungeon (9/15)             Temple (1/1) D:6          Bailey (1/1)
   Lair: D:8-11         Orc: D:9-12

Altars:
Ashenzari
Cheibriados
Elyvilon
Fedhas
Gozag
Hepliaklqana
Kikubaaqudgha
Makhleb
Nemelex Xobeh
Okawaru
Qazlal
Ru
Sif Muna
Trog
Uskayaw
Vehumet
Xom
Yredelemnul
Zin
The Shining One
Lugonu

Shops:
D:9 =(

Annotations:
D:7 1 runed translucent door, Karim's ghost, novice GnFi


Innate Abilities, Weirdness & Mutations

You are completely covered in rugged brown scales. (AC +3, +7% HP)
You have supernaturally acute eyesight. (SInv)
Armour fits poorly on your strangely shaped body.
You can roll at nearby foes to attack.
You have a long armoured tail.
You curl defensively after being hit.
You have a pair of horns on your head.
You have razor-sharp toenails.


Message History

You hit the gnoll shaman but do no damage.
Your kick misses the gnoll shaman.
Your transformation is almost over.
You hear a shout! x6
The gnoll barely misses you.
Unknown command.
Okay, then.
You closely miss the gnoll shaman.
A gnoll opens the door.
The gnoll shaman barely misses you.
Roll where?
Press: ? - help, Dir - move target, f - gnoll, p - gnoll shaman
Aim: a gnoll, wielding a +0 spear, wearing a +0 ring mail and quivering a throwing net You roll forward with a clatter of scales!
You hit the gnoll. Your kick misses the gnoll. Your headbutt misses the gnoll.
The gnoll is lightly wounded.
A gnoll comes into view. It is wielding a +0 spear.
A gnoll opens the door.
A gnoll comes into view. It is wielding a +0 halberd.
The gnoll completely misses you. The gnoll hits you with a +0 trident!
You die...

♣♣♣♣♣♣♣♣♣♣♣
≈≈≈≈≈≈≈≈≈≈
.........
......
#...#####
..g#.gg#...##
..gg.○○@....#
.g.#.°.#g....#
##g##.g..8#
##.(.##....#
##.gg..##...#
#.g.....#...#
#..$8$..# ###
#.......#
##.....##


You could see 2 gnoll sergeants, a gnoll shaman and 8 gnolls.

Vanquished Creatures
  Grinder (D:6)
  Sigmund (D:4)
  A steam dragon (D:8)
  Edmund (D:6)
  Menkaure (D:6)
  A black bear (D:6)
  An orc warrior (D:7)
  A phantom (D:8)
  4 ogres
  A bullfrog (D:7)
  2 scorpions
  4 wights (D:6)
  A quasit (D:7)
  4 hounds
  3 orc priests
  A jelly (D:7)
  A gnoll shaman (D:6)
  An orc wizard (D:7)
  A centaur skeleton (D:6)
  4 worker ants
  An iguana (D:7)
  A hound skeleton (D:8)
  A worker ant zombie (D:6)
  9 gnolls
  3 adders
  A howler monkey skeleton (D:7)
  2 white imps
  An ufetubus (D:6)
  An adder skeleton (D:7)
  2 worms
  A dart slug (D:3)
  5 leopard geckos
  19 orcs
  11 bats
  4 giant cockroaches (D:3)
  5 goblins
  10 hobgoblins
  10 jackals
  5 kobolds
  A quokka (D:7)
  2 ball pythons
  5 frilled lizards
  A leopard gecko skeleton (D:7)
  A quokka skeleton (D:4)
  3 rats
140 creatures vanquished.

Notes
Turn   | Place    | Note
-------+----------+-------------------------------------------
     0 | D:1      | manyhoops the Palentonga Transmuter began the quest for the
                  | Orb.
     0 | D:1      | Reached XP level 1. HP: 17/17 MP: 3/3
   200 | D:1      | Reached XP level 2. HP: 14/24 MP: 5/5
   852 | D:1      | Reached XP level 3. HP: 29/31 MP: 6/6
  1304 | D:2      | Learned a level 2 spell: Wereblood
  1683 | D:2      | Reached skill level 2 in Fighting
  1916 | D:2      | Found a basalt altar of Yredelemnul.
  1922 | D:2      | Found a shimmering blue altar of Sif Muna.
  1925 | D:2      | Found a hazy altar of Hepliaklqana.
  1929 | D:2      | Found a blossoming altar of Fedhas.
  1931 | D:2      | Found a glowing golden altar of the Shining One.
  2121 | D:3      | Found a shimmering altar of Xom.
  2361 | D:3      | Reached XP level 4. HP: 36/38 MP: 5/7
  2389 | D:3      | Found an opulent altar of Gozag.
  2659 | D:3      | Reached skill level 5 in Unarmed Combat
  2734 | D:3      | Reached XP level 5. HP: 44/44 MP: 8/8
  2921 | D:3      | Found a glowing silver altar of Zin.
  3469 | D:4      | Noticed Sigmund
  3475 | D:4      | Killed Sigmund
  3476 | D:4      | Reached skill level 3 in Fighting
  3476 | D:4      | Reached XP level 6. HP: 29/54 MP: 7/9
  4475 | D:5      | Entered Level 5 of the Dungeon
  4536 | D:5      | You fall into a shaft and drop 1 floor!
  4547 | D:6      | Gained mutation: You curl defensively after being hit.
                  | [Palentonga growth]
  4547 | D:6      | Reached XP level 7. HP: 50/62 MP: 8/10
  4574 | D:6      | Found a staircase to the Ecumenical Temple.
  4592 | Temple   | Entered the Ecumenical Temple
  4618 | Temple   | Reached skill level 4 in Fighting
  4922 | Temple   | Became a worshipper of Uskayaw the Reveller
  4961 | D:6      | Reached * piety under Uskayaw
  4965 | D:6      | Reached ** piety under Uskayaw
  4968 | D:6      | Reached *** piety under Uskayaw
  5024 | D:6      | Noticed Edmund
  5045 | D:6      | Killed Edmund
  5046 | D:6      | Reached skill level 5 in Fighting
  5246 | D:6      | Noticed Grinder
  5254 | D:6      | Killed Grinder
  5255 | D:6      | Reached skill level 6 in Fighting
  5255 | D:6      | Reached XP level 8. HP: 61/75 MP: 9/11
  5257 | D:6      | Reached **** piety under Uskayaw
  5263 | D:6      | Reached ***** piety under Uskayaw
  5264 | D:6      | Reached skill level 7 in Fighting
  5725 | D:6      | Noticed Menkaure
  5728 | D:6      | Killed Menkaure
  5729 | D:6      | Reached skill level 8 in Fighting
  5939 | D:7      | Identified a scroll of acquirement
  5942 | D:7      | Acquired 1140 gold pieces
  6500 | D:7      | Found a white marble altar of Elyvilon.
  6738 | D:7      | Noticed Karim's ghost (novice GnFi)
  6741 | D:7      | Found a runed translucent door.
  7242 | D:8      | Found a sparkling altar of Nemelex Xobeh.
  7273 | D:8      | Reached XP level 9. HP: 67/86 MP: 14/14
  7456 | D:8      | Found a basalt altar of Yredelemnul.
  7459 | D:8      | Found a sacrificial altar of Ru.
  7501 | D:8      | Reached skill level 5 in Transmutations
  7845 | D:8      | You fall into a shaft and drop 1 floor!
  7920 | D:9      | Found Vefeiren's Antique Weapon Shoppe.
  7951 | D:9      | Found Muasegh's Jewellery Shop.
  8030 | D:9      | Found a flagged portal.
  8041 | Bailey   | Entered a bailey
  8464 | Bailey   | HP: 2/86 [gnoll sergeant/+0 halberd (11)]
  8475 | Bailey   | Slain by a gnoll

Illustrated notes

Levels and vault maps discovered:
D:1:      eino_arrival_cavern_b, layout_rooms, minmay_domino_2
D:2:      layout_basic, minitemple, minmay_door_square
D:3:      kennysheep_six_static_rooms, layout_loops_ring,
          nicolae_overflow_crystal_walls, zin_academy, grunt_gozag_statues
D:4:      layout_basic, uniq_sigmund
D:5:      layout_cave_pods, uniq_crazy_yiuf_cottage, uniq_ijyb
D:6:      layout_cave_pools, minmay_temple_entry_mist, uniq_grinder,
          uniq_edmund, uniq_menkaure
D:7:      layout_basic, elyvilon_altar_3, hellmonk_ghost_happy_afterlife
D:8:      layout_gridville, nemelex_xobeh_ov_fountains_minmay,
          kennysheep_little_box, basic_altar, special_room [special_room_orc]
D:9:      layout_irregular_city, grunt_dithmenos_shadows, lemuel_doored_altar,
          serial_shops, shop, shop, shop, basic_altar, enter_bailey_6
Temple:   corrupted_temple
Bailey:   bailey_polearm_gnolls_kennysheep, bailey

Skill      XL: |  1  2  3  4  5  6  7  8  9 |
---------------+----------------------------+-----
Unarmed Combat | 4 5 6 7 |  7.2
Fighting       | 2 3 6 8 |  8.1
Transmutations | 4 5 |  5.6
Spellcasting   | 3 4 |  4.3
Dodging        | |  1.5

Action                   |  1- 3 |  4- 6 |  7- 9 || total
-------------------------+-------+-------+-------++-------
Melee: Unarmed           |   150 |   122 |   188 ||   460
       Tailslap          |    14 |     9 |    30 ||    53
       Kick              |     6 |    17 |    40 ||    63
       Punch             |     4 |     1 |     5 ||    10
       Headbutt          |     4 |     9 |    23 ||    36
 Cast: Beastly Appendage |     6 |     7 |    16 ||    29
       Wereblood         |       |     4 |     6 ||    10
 Abil: Rolling Charge    |     1 |     5 |    16 ||    22
  Use: Scroll            |     6 |     1 |    13 ||    20
       Potion            |       |     1 |     8 ||     9
 Stab: Sleeping          |       |     1 |       ||     1
       Paralysed         |       |       |     4 ||     4
Armor: Robe              |    58 |    25 |    36 ||   119
       Steam dragon scal |       |       |    14 ||    14
Dodge: Dodged            |    86 |    54 |    95 ||   235
